 Dungeon Crawl Stone Soup version 0.29.1-12-g30fa7ad0bf (webtiles) character file.

Game seed: 17044916893534389390

127 wormed the Trooper (level 5, 0/28 HPs)
             Began as a Vine Stalker Fighter on Dec 25, 2022.
             Slain by an orc
             ... wielding a +0 trident
              (5 damage)
             ... on level 3 of the Dungeon.
             The game lasted 00:02:49 (1644 turns).

wormed the Trooper (Vine Stalker Fighter)           Turns: 1644, Time: 00:02:49

Health: 0/28       AC: 11    Str: 20    XL:     5   Next: 11%
Magic:  0/6        EV:  5    Int:  8    God:
Gold:   75         SH:  5    Dex: 14    Spells: 4/4 levels left

rFire   + . .      SeeInvis .   a - +0 flail
rCold   . . .      Faith    .   c - +0 buckler
rNeg    . . .      Spirit   +   g - +0 plate armour
rPois   .          Reflect  .   (no helmet)
rElec   .          Harm     .   (no cloak)
rCorr   .          Rampage  .   (no gloves)
Will    .....                   (no boots)
Stlth   ..........              (no amulet)
HPRegen 0.89/turn               i - ring of protection from fire
MPRegen 0.10/turn               (no ring)

@: no status effects
A: fangs 2, regeneration 1, magic shield, antimagic bite, no potion heal 2
a: no special abilities


You were on level 3 of the Dungeon.
You visited 1 branch of the dungeon, and saw 3 of its levels.

You collected 75 gold pieces.

Inventory:

Hand Weapons
 a - a +0 flail (weapon)
Armour
 c - a +0 buckler (worn)
 g - a +0 plate armour (worn)
Jewellery
 i - a ring of protection from fire (left hand)
Scrolls
 b - a scroll of brand weapon {unknown}
 f - a scroll of immolation {unknown}
 j - a scroll of teleportation {unknown}
 l - 2 scrolls of identify {unknown}
 m - a scroll of fog {unknown}
 p - 3 scrolls of fear {unknown}
 q - a scroll of vulnerability {unknown}
Potions
 d - a potion of might
 e - 2 potions of curing {unknown}
 h - a potion of degeneration {unknown}
 k - a potion of magic {unknown}
 n - a potion of ambrosia {unknown}
 o - a potion of haste {unknown}


   Skills:
 + Level 3.2 Fighting
 * Level 3.1 Maces & Flails
 + Level 2.8 Armour
 + Level 1.2 Dodging
 + Level 3.2 Shields


You had 4 spell levels left.
You didn't know any spells.
Your spell library contained the following spells:

 Spells                   Type           Power      Damage    Failure   Level
 Scorch                   Fire           0%         2d5       100%        2
 Flame Wave               Conj/Fire      0%         2d4       100%        4
 Summon Cactus Giant      Summ           0%         N/A       100%        6


Dungeon Overview and Level Annotations

Branches:
Dungeon (3/15)

Altars:
Kikubaaqudgha


Innate Abilities, Weirdness & Mutations

You have extremely sharp teeth.
Your natural rate of healing is unusually fast.
When hurt, damage is shared between your health and your magic reserves.
Your bite disrupts and absorbs the magic of your enemies.
Potions cannot restore your health.


Message History

The orc priest is almost dead.
The orc priest calls down the wrath of Beogh upon you.
Pain shoots through your body!
* * * LOW HITPOINT WARNING * * *
The orc hits you from afar with a +0 trident.
You thump the orc priest!
You kill the orc priest!
The orc hits you but does no damage. You block the orc's attack.
Your Maces & Flails skill increases to level 3!
You have reached level 5!
You sock the orc!
You kill the orc!
The orc hits you from afar with a +0 trident.
* * * LOW HITPOINT WARNING * * *
You block the orc's attack.
You barely miss the orc. You bite the orc, but do no damage.
The orc hits you but does no damage. x2
You completely miss the orc. The orc barely misses you. x2
The orc hits you but does no damage. The orc closely misses you.
You hit the orc. You bite the orc, but do no damage.
The orc is severely wounded.
You block the orc's attack.
The orc hits you from afar with a +0 trident.
* * * LOW HITPOINT WARNING * * *
You closely miss the orc. You bite the orc.
You kill the orc!
An orc comes into view. It is wielding a +4 war axe.
The orc hits you but does no damage.
Things that are here:
a +0 whip; an orc corpse You block the orc's attack.
The orc hits you but does no damage.
You closely miss the orc. The orc hits you with a +0 trident.
* * * LOW HITPOINT WARNING * * *
The orc hits you but does no damage.
You closely miss the orc. Your bite misses the orc.
The orc hits you with a +0 trident.
* * * LOW HITPOINT WARNING * * *
You closely miss the orc. The orc hits you with a +0 trident.
You die...

#.......#........##
#...)...#..#..........
####)####............# <.
.....)...............##..
##...#####..............
#..### #............#
..##### #............##
<.....####..####.o......
.####.....#.#..o@#)# .#
#.....#.#.#...)# .#
#.....#.#.#.######..
.#####......#.#.........
.....#...>......####...#
.##..........#### #
.##..####....######
.##..#....##..##..
.#.....######..#.#


You could see 2 orcs.

Vanquished Creatures
  An orc priest (D:3)
  An orc wizard (D:3)
  2 adders (D:2)
  A worm (D:2)
  2 dart slugs (D:1)
  5 orcs (D:3)
  3 bats (D:2)
  4 endoplasms
  A giant cockroach (D:2)
  4 goblins
  3 hobgoblins (D:2)
  3 jackals (D:2)
  2 ball pythons
  2 frilled lizards (D:1)
  4 kobolds
  3 rats
41 creatures vanquished.

Notes
Turn   | Place    | Note
-------+----------+-------------------------------------------
     0 | D:1      | wormed the Vine Stalker Fighter began the quest for the
                  | Orb.
     0 | D:1      | Reached XP level 1. HP: 11/11 MP: 2/2
   223 | D:1      | Reached XP level 2. HP: 16/16 MP: 3/3
   639 | D:1      | Found a faded altar of an unknown god.
   801 | D:2      | Reached XP level 3. HP: 18/19 MP: 4/4
  1323 | D:2      | Gained mutation: Your natural rate of healing is unusually
                  | fast. [Vine Stalker growth]
  1323 | D:2      | Reached XP level 4. HP: 24/24 MP: 5/5
  1493 | D:3      | Reached skill level 1 in Dodging
  1500 | D:3      | Found an ancient bone altar of Kikubaaqudgha.
  1634 | D:3      | Reached XP level 5. HP: 7/28 MP: 1/6
  1644 | D:3      | Slain by an orc

Illustrated notes

Levels and vault maps discovered:
D:1:      matt_arrival_grand_opening, layout_rooms,
          hellmonk_ecumenical_altar_inner_sanctum
D:2:      layout_basic, minivault_19, glass_columns_a
D:3:      layout_rooms, mainiacjoe_overflow_concentric_impassable,
          gammafunk_temple_overflow_wave, lemuel_tele_altar,
          uniq_crazy_yiuf_cottage

Skill      XL: |  1  2  3  4 |
---------------+-------------+-----
Maces & Flails | 2 3 |  3.1
Shields        | 3 |  3.2
Fighting       | 3 |  3.2
Dodging        | 1 |  1.2
Armour         | |  2.8

Action                   |  1- 3 |  4- 6 || total
-------------------------+-------+-------++-------
Melee: Flail             |    79 |    25 ||   104
       Bite              |    18 |     8 ||    26
Armor: Scale mail        |     6 |       ||     6
       Plate armour      |    67 |    17 ||    84
Dodge: Dodged            |    21 |     4 ||    25
Block: Buckler           |    12 |     9 ||    21
